 Dungeon Crawl Stone Soup version 0.31-a0-177-g4aa6249778 (webtiles) character file.

Game seed: 4870254734471510046

221390 qw the Warrior (level 19, -1/117 HPs)
             Began as a Gargoyle Fighter on June 18, 2023.
             Was an Elder of Okawaru.
             Killed from afar by a starcursed mass (10 damage)
             ... with an accursed screaming
             ... on level 2 of the Vaults.
             The game lasted 00:25:28 (36211 turns).

qw the Warrior (Gargoyle Fighter)                  Turns: 36211, Time: 00:25:29

Health: -1/117     AC: 60    Str: 30      XL:     19   Next: 20%
Magic:  24/26      EV: 18    Int: 13 (14) God:    Okawaru [****..]
Gold:   2253       SH: 20    Dex: 13      Spells: 18/18 levels left

rFire   . . .        p - +6 war axe (vamp)
rCold   . . .        e - +0 kite shield {AC+3}
rNeg    + . .        E - +10 plate armour {ponderous}
rPois   inf          B - +2 hat
rElec   +            i - +2 cloak
rCorr   .            c - +2 pair of gloves {Str+3}
SInv    +            n - +2 pair of boots
Will    +....        t - amulet of reflection Stlth
                     C - ring "Geanyos" {Int+4 Dex+4 SInv}
HPRegen 0.39/turn    L - +5 ring of evasion
MPRegen 0.20/turn

%: reflection
@: about to teleport, heroic, flying, unable to drink, slow
A: sickness immunity, AC +14, big wings, negative energy resistance 1,
electricity resistance, torment resistance 1, petrification resistance,
deterioration 1, [frail 1], [inability to drink after injury 1]
}: 1/15 runes: barnacled
a: Renounce Religion, Heroism, Finesse


You were on level 2 of the Vaults.
You worshipped Okawaru.
Okawaru was greatly pleased with you.
You visited 7 branches of the dungeon, and saw 32 of its levels.
You visited the Abyss 1 time.
You also visited: Ossuary and Gauntlet.

You collected 4724 gold pieces.
You spent 2471 gold pieces at shops.


Innate Abilities, Weirdness & Mutations

You are immune to sickness and miasma.
Your stone body is resilient. (AC +14)
You are immune to poison.
Your large and strong wings let you fly.
You resist negative energy. (rN+)
You are resistant to electric shocks. (rElec)
You are resistant to unholy torment.
You are immune to petrification.
Your body sometimes deteriorates upon taking damage.
[You are frail. (-10% HP)]
[You occasionally lose the ability to drink potions when taking damage.]


   Skills:
 + Level 17.9(22.9) Fighting
 - Level 16.0(21.0) Axes
 - Level 10.0(15.0) Throwing
 - Level 16.0(21.0) Armour
 - Level 6.0(11.0) Dodging
 - Level 16.0(21.0) Shields
 - Level 10.0 Invocations


You had 18 spell levels left.
You didn't know any spells.
Your spell library was empty.

Inventory:

Hand Weapons
 p - a +6 vampiric war axe (weapon)
 y - a +0 broad axe
Missiles
 D - a silver boomerang
 H - 50 boomerangs
 J - 14 javelins
 M - 8 silver javelins (quivered)
Armour
 c - a +2 pair of gloves of strength (worn)
 e - a +0 kite shield of protection (worn)
 i - a +2 cloak (worn)
 n - a +2 pair of boots (worn)
 u - +0 ice dragon scales
 A - the +3 leather armour of the Aged Heavens {rF+ rCorr MP+9}
   (You took it off an orc priest on level 9 of the Dungeon)

   rF:        It protects you from fire.
   MP:        It affects your magic capacity (+9).
   rCorr:     It protects you from acid and corrosion.
 B - a +2 hat (worn)
 E - a +10 plate armour of ponderousness (worn)
Jewellery
 f - a ring of protection from cold
 t - an amulet of reflection (around neck)
 v - a ring of resist corrosion
 C - the ring "Geanyos" (left hand) {Int+4 Dex+4 SInv}
   (You bought it in a shop on level 10 of the Dungeon)

   [ring of see invisible]

   Int:       It affects your intelligence (+4).
   Dex:       It affects your dexterity (+4).
   SInv:      It lets you see invisible.
 I - a ring of protection from cold
 L - a +5 ring of evasion (right hand)
 Y - a +4 ring of protection
Wands
 h - a wand of digging (13)
Scrolls
 a - 7 scrolls of identify
 k - 3 scrolls of enchant armour
 w - 4 scrolls of teleportation
 x - 2 scrolls of brand weapon
Potions
 b - 2 potions of magic
 d - 6 potions of might
 g - 7 potions of enlightenment
 j - 6 potions of attraction
 l - a potion of cancellation
 m - 5 potions of resistance
 o - 5 potions of haste
 q - 4 potions of heal wounds
 r - 13 potions of curing
 s - 3 potions of lignification
 z - 4 potions of mutation

Dungeon Overview and Level Annotations

Branches:
Dungeon (15/15)            Temple (1/1) D:7            Lair (5/5) D:10
 Shoals (4/4) Lair:3        Snake (3/4) Lair:2        Slime (0/5) Lair:5
    Orc (2/2) D:10            Elf (0/3) Orc:2        Vaults (2/5) D:14
 Depths (0/4) D:15        Ossuary (visited)         Gauntlet (visited)
  Crypt: Vaults:2-3

Altars:
Ashenzari
Cheibriados
Dithmenos
Elyvilon
Fedhas
Gozag
Hepliaklqana
Kikubaaqudgha
Makhleb
Nemelex Xobeh
Okawaru
Qazlal
Ru
Sif Muna
Trog
Uskayaw
Vehumet
Wu Jian
Xom
Yredelemnul
Zin
The Shining One
Jiyva

Shops:
D:4 (*   D:10 =   D:13 *   Orc:1 *[   Orc:2 [*:(   Shoals:2 *   Vaults:1 *[=(

Annotations:
D:4 1 runed translucent door, Crazy Yiuf
D:15 3 runed translucent doors, Gosau's ghost, journeyman DsGl
Lair:2 2 transporters, qw's ghost, journeyman GrFi
Lair:5 2 runed translucent doors


Message History

The troll is moderately wounded.
You hit the starcursed mass but do no damage.
A starcursed mass splits.
You block the starcursed mass's attack.
You slash the starcursed mass!
You destroy the starcursed mass!
Okawaru accepts your kill.
You slash the starcursed mass! x2
You destroy the starcursed mass!
Okawaru accepts your kill.
You slash the starcursed mass!
The starcursed mass shudders and is absorbed by its neighbour.
The starcursed mass shudders and withdraws towards its neighbour. x3
You feel like a meek peon again.
A starcursed mass splits.
36208 ||| INVOKING Heroism.
You gain the combat prowess of a mighty hero.
The substance of the Abyss twists violently, and a gateway leading out appears!
Enter note:
Enter note:
36209 ||| RIP WIZLAB;
36209 ||| PLANNING VAULTS:1-4 The starcursed mass completely misses you.
A deafening chorus of shrieks assaults your mind!
You pass through the gate.
Welcome back to the Vaults!
You hear the crackle of arcane power.
There is an entrance to a wizard's laboratory on this level!
Hurry and find it before the portal closes forever!
36210 ||| RIP WIZLAB The walls and floor vibrate strangely for a moment.
The red ugly thing gores you.
You are engulfed in flames!!
You feel threatened and lose the ability to drink potions!
You block the white ugly thing's attack.
You hit the starcursed mass but do no damage.
The starcursed mass is severely damaged.
You slash the starcursed mass! You slash the red ugly thing!
You slash the starcursed mass!
You destroy the starcursed mass!
Okawaru accepts your kill.
You slice the white ugly thing!!
You feel better. A chorus of shrieks assaults your mind.
You die...

.# ... #......# .#
...#####'##########
'####
...................
....#
...................
....#
...................
....#
...................
....#
...................
....#
##+####'###########
..%.# #....?u@....#
##)###
#.....XuX...#
..)).#
#####+#.....#
..)..# #.....#
#.#..# #p....#
.....# #.....#
#.#..# #.....#
.....# #.....#
.....#


You could see 2 starcursed masses, 2 ugly things and an ironbound frostheart.

Vanquished Creatures
  A bone dragon (Abyss:3)
  A tentacled monstrosity (Abyss:3)
  Jorgrun (D:13)
  Asterion (Snake:2)
  Gastronok (Lair:2)
  A tentacled starspawn (Abyss:3)
  Frances (Snake:1)
  A kraken (Shoals:3)
  Kirke (Lair:4)
  Ilsuiw (Shoals:4)
  6 vault wardens
  3 ironbound preservers
  A reaper (Gauntlet)
  A stone giant (Orc:2)
  6 ironbound thunderhulks
  Nessos (D:13)
  A minotaur (Gauntlet)
  4 dire elephants (Vaults:1)
  Snorg (Lair:4)
  25 slime creatures
  4 ettins
  9 merfolk javelineers
  10 merfolk impalers
  An entropy weaver (Vaults:1)
  7 yaktaur captains
  2 ice dragons (D:15)
  A rakshasa (D:13)
  8 vault guards
  6 anacondas
  8 centaur warriors
  2 hydras (Lair:4)
  5 boulder beetles
  5 merfolk avatars
  3 catoblepae
  7 naga warriors
  4 merfolk aquamancers
  2 ironbound frosthearts (Vaults:1)
  2 tengu warriors (D:14)
  A satyr (Shoals:3)
  3 two-headed ogres
  4 thrashing horrors (Abyss:3)
  Sonja (Lair:4)
  Urug (D:13)
  7 shock serpents
  An orc high priest (Orc:1)
  4 naga sharpshooters
  A wretched star (Abyss:3)
  5 skeletal warriors (D:11)
  3 skysharks
  A fire crab (Lair:5)
  A sixfirhy (Abyss:3)
  4 deep trolls
  12 sea snakes
  Pikel (D:7)
  2 wizards (Vaults:1)
  A naga ritualist (Snake:1)
  2 ironbound convokers
  2 lindwurms (Vaults:1)
  27 harpies
  2 orc knights (D:14)
  A necromancer (Gauntlet)
  3 deep elf pyromancers
  3 mana vipers
  10 fauns
  3 ugly things (Vaults:1)
  7 salamanders
  A wolf spider (shapeshifter) (Vaults:2)
  15 cyclopes
  An orc sorcerer (D:14)
  14 manticores
  5 merfolk sirens
  A guardian serpent (shapeshifter) (D:13)
  13 elephants
  3 water nymphs
  9 naga magi
  20 black mambas
  2 molten gargoyles (Lair:5)
  4 vault sentinels
  A torpor snail (Lair:4)
  2 guardian serpents
  A cane toad (shapeshifter) (Vaults:2)
  14 cane toads
  An unseen horror (D:12)
  4 rime drakes
  26 yaktaurs
  A tengu conjurer (D:14)
  2 efreet
  6 komodo dragons
  A hellwing (Gauntlet)
  An ice devil (Abyss:3)
  4 meliai (Lair:3)
  6 polar bears
  A queen bee (Lair:3)
  A hornet (D:10)
  Prince Ribbit (D:8)
  21 merfolk
  8 trolls
  7 wind drakes
  26 blink frogs
  12 snapping turtles
  3 dream sheep (Shoals:2)
  2 wraiths
  A culicivora (shapeshifter) (D:14)
  10 water elementals
  12 wyverns
  A vampire (D:11)
  44 yaks
  A shadow (D:11)
  2 steam dragons (Lair:5)
  A human (D:14)
  8 basilisks
  14 starcursed masses
  4 hogs (Lair:4)
  4 vampire mosquitoes (D:10)
  2 death yak simulacra (Lair:2)
  2 large abominations (Abyss:3)
  A neqoxec (Abyss:3)
  23 nagas
  5 hell hounds (Lair:5)
  14 water moccasins
  5 small abominations (Abyss:3)
  An ice beast (shapeshifter) (Vaults:1)
  An ice beast (D:7)
  17 orc warriors
  2 black bears
  3 ogres
  18 wolves
  3 phantoms
  4 centaurs
  A lemure (D:7)
  4 kobold brigands
  An elf zombie (Ossuary)
  14 bullfrogs
  3 wights (D:8)
  2 troll zombies (D:10)
  An elephant simulacrum (Lair:2)
  A human simulacrum (Vaults:2)
  31 killer bees
  4 howler monkeys
  2 electric eels (Snake:2)
  5 lava snakes (Lair:5)
  A hound (D:7)
  3 jellies
  18 orc priests
  A human zombie (Ossuary)
  Jessica (D:2)
  4 iguanas
  2 sleepcaps
  19 orc wizards
  A wolf simulacrum (Lair:2)
  6 ogre zombies (D:10)
  4 mummies (Ossuary)
  7 gnolls (D:6)
  3 adders
  3 shadow imps
  A white imp (Vaults:2)
  3 ufetubi
  A worm zombie (D:4)
  6 worms
  4 dart slugs
  55 orcs
  8 bats
  10 endoplasms
  5 giant cockroaches
  A gnoll zombie (Ossuary)
  8 goblins
  5 hobgoblins
  5 jackals
  11 kobolds
  4 quokkas
  7 ball pythons
  2 frilled lizards
  2 goblin skeletons (D:10)
  3 goblin zombies
  5 hobgoblin zombies
  A jackal zombie (Ossuary)
  4 orc skeletons (D:10)
  18 orc zombies
  6 rats
  2 rat zombies (Ossuary)
  A lurking horror (Abyss:3)
  A spectral weapon (Snake:2)
  3 tentacles (Shoals:3)
1025 creatures vanquished.

Vanquished Creatures (others)
  2 black mambas
  A komodo dragon (Lair:5)
  A merfolk (Shoals:1)
  A lurking horror (Abyss:3)
  A tentacle (Shoals:3)
6 creatures vanquished.

Grand Total: 1031 creatures vanquished

Notes
Turn   | Place    | Note
-------+----------+-------------------------------------------
     0 | D:1      | qw the Gargoyle Fighter began the quest for the Orb.
     0 | D:1      | Reached XP level 1. HP: 14/14 MP: 1/1
     0 | D:1      | 0 ||| qw: Version: 0.3-a-7-ge0c9b40
     0 | D:1      | 0 ||| qw: Game counter: 855
     0 | D:1      | 0 ||| qw: Always use a shield: true
     0 | D:1      | 0 ||| qw: God list: Okawaru
     0 | D:1      | 0 ||| qw: Allow faded altars: false
     0 | D:1      | 0 ||| qw: Do Orc after D:15 true
     0 | D:1      | 0 ||| qw: Do second Lair branch before Depths: true
     0 | D:1      | 0 ||| qw: Lair rune preference: random
     0 | D:1      | 0 ||| qw: Plans: Normal, Zot:1-4, Slime:5, God:TSO, Crypt,
                  | Tomb, Abyss, Pan, Hells, Win
     0 | D:1      | 0 ||| PLANNING D:1-11
   234 | D:1      | Reached XP level 2. HP: 16/19 MP: 2/2
   569 | D:1      | 569 ||| Stepping ~*~*~tactically~*~*~ (stealth).
   570 | D:1      | 570 ||| Stepping ~*~*~tactically~*~*~ (stealth).
   582 | D:1      | 582 ||| Stepping ~*~*~tactically~*~*~ (stealth).
   687 | D:1      | 687 ||| Stepping ~*~*~tactically~*~*~ (stealth).
   688 | D:1      | 688 ||| Stepping ~*~*~tactically~*~*~ (stealth).
   726 | D:1      | Reached skill level 3 in Axes
   975 | D:1      | 975 ||| UPGRADING to +0 pair of boots.
   980 | D:1      | 980 ||| DROPPING ring of magical power.
   981 | D:1      | 981 ||| READING scroll labelled KUSEKU IBORIOXT.
   982 | D:1      | 982 ||| READING scroll labelled SETHOPTELOM.
   983 | D:1      | 983 ||| READING scroll labelled HYCROL JIEDILIOMES.
  1046 | D:2      | 1046 ||| Stepping ~*~*~tactically~*~*~ (stealth).
  1047 | D:2      | 1047 ||| Stepping ~*~*~tactically~*~*~ (stealth).
  1048 | D:2      | 1048 ||| Stepping ~*~*~tactically~*~*~ (stealth).
  1055 | D:2      | Reached XP level 3. HP: 22/23 MP: 3/3
  1122 | D:2      | 1122 ||| Stepping ~*~*~tactically~*~*~ (hiding).
  1538 | D:2      | Noticed Jessica
  1544 | D:2      | Killed Jessica
  1545 | D:2      | Reached XP level 4. HP: 22/28 MP: 4/4
  1586 | D:2      | 1586 ||| DROPPING +0 club.
  2393 | D:2      | 2393 ||| UPGRADING to +0 plate armour.
  2403 | D:2      | 2403 ||| DROPPING +0 scale mail.
  2404 | D:2      | 2404 ||| DROPPING ring of flight.
  2405 | D:2      | 2405 ||| READING scroll labelled SUNKASYANK.
  2406 | D:2      | 2406 ||| READING scroll labelled CAZAPH KUEV.
  2407 | D:2      | 2407 ||| READING 2 scrolls of identify.
  2407 | D:2      | 2407 ||| IDENTIFYING glowing coppery potion
  2677 | D:3      | 2677 ||| Stepping ~*~*~tactically~*~*~ (stealth).
  2723 | D:3      | 2723 ||| DROPPING +0 whip.
  2915 | D:3      | Reached XP level 5. HP: 32/32 MP: 5/5
  3246 | D:3      | Found a faded altar of an unknown god.
  3478 | D:3      | 3478 ||| UPGRADING to +2 buckler.
  3488 | D:3      | 3488 ||| DROPPING +0 buckler.
  3489 | D:3      | 3489 ||| UPGRADING to +4 ring of protection.
  3490 | D:3      | 3490 ||| UPGRADING to +6 ring of dexterity.
  3491 | D:3      | 3491 ||| READING scroll labelled YGI JEKUGINYH.
  3492 | D:3      | 3492 ||| READING scroll labelled TOTANI BOHIA.
  3493 | D:3      | 3493 ||| READING scroll labelled QUODI TOSOA.
  3494 | D:3      | 3494 ||| READING 3 scrolls of identify.
  3494 | D:3      | 3494 ||| IDENTIFYING inky potion
  3495 | D:3      | 3495 ||| READING 2 scrolls of identify.
  3495 | D:3      | 3495 ||| IDENTIFYING coppery potion
  3496 | D:3      | 3496 ||| DROPPING potion of invisibility.
  3518 | D:4      | 3518 ||| PLANNING OSSUARY
  3518 | D:4      | 3518 ||| Stepping ~*~*~tactically~*~*~ (hiding).
  3568 | D:4      | Found Oloan's Neck Hole.
  3619 | D:4      | 3619 ||| BUYING +0 cloak (63 gold).
  3619 | D:4      | Bought a +0 cloak for 63 gold pieces
  3619 | D:4      | 3619 ||| SHOPLISTING amulet of regeneration (420 gold, have
                  | 104).
  3619 | D:4      | 3619 ||| SHOPLISTING amulet of the acrobat (420 gold, have
                  | 104).
  3764 | D:4      | Identified the +3 scale mail of the Six Cities {rElec Str+7
                  | Dex-3 Slay+3}
  3778 | D:4      | Reached skill level 1 in Dodging
  3778 | D:4      | Reached XP level 6. HP: 37/37 MP: 6/6
  3871 | D:4      | Found a sand-covered staircase.
  3881 | D:4      | 3881 ||| UPGRADING to +0 cloak.
  3886 | D:4      | 3886 ||| UPGRADING to +3 scale mail of the Six Cities
                  | {rElec Str+7 Dex-3 Slay+3}.
  3896 | D:4      | 3896 ||| DROPPING +0 plate armour.
  3897 | D:4      | 3897 ||| DROPPING ring of positive energy.
  3898 | D:4      | 3898 ||| READING scroll labelled LAXZYT ISEIM.
  3906 | D:4      | 3906 ||| READING scroll labelled PIGOTU RAYFAELUF.
  3907 | D:4      | 3907 ||| DRINKING 2 ruby potions.
  3908 | D:4      | 3908 ||| DRINKING 2 clear potions.
  3909 | D:4      | 3909 ||| READING 3 scrolls of identify.
  3909 | D:4      | 3909 ||| IDENTIFYING blue potion
  3910 | D:4      | 3910 ||| READING 2 scrolls of identify.
  3910 | D:4      | 3910 ||| IDENTIFYING fizzy sapphire potion
  3911 | D:4      | 3911 ||| DROPPING potion of brilliance.
  3912 | D:4      | 3912 ||| DROPPING potion of degeneration.
  4026 | Ossuary  | Entered an ossuary
  4052 | Ossuary  | Reached skill level 4 in Fighting
  4294 | Ossuary  | 4294 ||| READING scroll labelled XON TATOURYAD.
  4295 | Ossuary  | 4295 ||| READING scroll labelled ZIMAEWN VAMEO.
  4326 | Ossuary  | 4326 ||| DRINKING 2 metallic yellow potions.
  4332 | Ossuary  | 4332 ||| DRINKING 2 viscous golden potions.
  4355 | Ossuary  | 4355 ||| DROPPING potion of ambrosia.
  4365 | D:4      | 4365 ||| PLANNING D:1-11
  4401 | D:4      | Found a shimmering blue altar of Sif Muna.
  4457 | D:4      | Found Butiw's Antique Weapon Shoppe.
  4466 | D:4      | 4466 ||| BUYING faintly glowing flail (127 gold).
  4466 | D:4      | Bought a faintly glowing flail for 127 gold pieces
  4466 | D:4      | Identified the +7 flail "Gefotuwk" {drain, rC- rN+ Will+}
                  | (You bought it in a shop on level 4 of the Dungeon)
  4504 | D:4      | Reached XP level 7. HP: 32/44 MP: 7/7
  4591 | D:4      | Reached skill level 6 in Axes
  4793 | D:4      | Found a runed translucent door.
  4794 | D:4      | Noticed Crazy Yiuf
  5949 | D:4      | 5949 ||| Stepping randomly (stuck).
  5967 | D:5      | Entered Level 5 of the Dungeon
  6030 | D:5      | Identified the +3 leather armour of the Volcano {Str+5}
  6218 | D:5      | 6218 ||| Stepping ~*~*~tactically~*~*~ (stealth).
  6224 | D:5      | 6224 ||| Stepping ~*~*~tactically~*~*~ (hiding).
  6251 | D:5      | 6251 ||| Stepping ~*~*~tactically~*~*~ (stealth).
  6252 | D:5      | 6252 ||| Stepping ~*~*~tactically~*~*~ (stealth).
  6253 | D:5      | 6253 ||| Stepping ~*~*~tactically~*~*~ (stealth).
  6865 | D:5      | 6865 ||| UPGRADING to +2 pair of gloves.
  6870 | D:5      | 6870 ||| UPGRADING to amulet of reflection.
  6875 | D:5      | 6875 ||| READING 2 scrolls of identify.
  6875 | D:5      | 6875 ||| IDENTIFYING green potion
  6922 | D:6      | 6922 ||| PLANNING SEWER
  6968 | D:6      | 6968 ||| Stepping ~*~*~tactically~*~*~ (stealth).
  6977 | D:6      | 6977 ||| Stepping ~*~*~tactically~*~*~ (hiding).
  6978 | D:6      | 6978 ||| Stepping ~*~*~tactically~*~*~ (hiding).
  6979 | D:6      | 6979 ||| Stepping ~*~*~tactically~*~*~ (hiding).
  6993 | D:6      | 6993 ||| Stepping ~*~*~tactically~*~*~ (stealth).
  6996 | D:6      | 6996 ||| Stepping ~*~*~tactically~*~*~ (stealth).
  6997 | D:6      | 6997 ||| Stepping ~*~*~tactically~*~*~ (stealth).
  7002 | D:6      | 7002 ||| Stepping ~*~*~tactically~*~*~ (hiding).
  7008 | D:6      | Reached skill level 5 in Fighting
  7008 | D:6      | Reached XP level 8. HP: 47/49 MP: 8/8
  7024 | D:6      | 7024 ||| Stepping ~*~*~tactically~*~*~ (stealth).
  7043 | D:6      | 7043 ||| Stepping ~*~*~tactically~*~*~ (stealth).
  7045 | D:6      | 7045 ||| Stepping ~*~*~tactically~*~*~ (hiding).
  7048 | D:6      | 7048 ||| Stepping ~*~*~tactically~*~*~ (hiding).
  7274 | D:6      | Found a glowing drain.
  7516 | D:6      | 7516 ||| RIP SEWER
  7516 | D:6      | 7516 ||| PLANNING D:1-11
  7516 | D:6      | 7516 ||| READING 2 scrolls of identify.
  7516 | D:6      | 7516 ||| IDENTIFYING metallic puce potion
  7588 | D:7      | 7588 ||| Stepping ~*~*~tactically~*~*~ (stealth).
  7659 | D:7      | Reached skill level 6 in Fighting
  7680 | D:7      | 7680 ||| Stepping ~*~*~tactically~*~*~ (stealth).
  7741 | D:7      | 7741 ||| DROPPING +0 hand axe.
  7889 | D:7      | Reached XP level 9. HP: 55/55 MP: 9/9
  7953 | D:7      | Found a staircase to the Ecumenical Temple.
  7954 | D:7      | 7954 ||| PLANNING TEMPLE
  7954 | D:7      | 7954 ||| READING 3 scrolls of identify.
  7954 | D:7      | 7954 ||| IDENTIFYING fuming sapphire potion
  7955 | D:7      | 7955 ||| READING 2 scrolls of identify.
  7955 | D:7      | 7955 ||| IDENTIFYING brown potion
  7956 | D:7      | 7956 ||| DROPPING potion of berserk rage.
  7961 | Temple   | Entered the Ecumenical Temple
  8094 | Temple   | 8094 ||| PLANNING OKAWARU WORSHIP
  8185 | Temple   | Became a worshipper of Warmaster Okawaru
  8186 | Temple   | 8186 ||| PLANNING D:1-11
  8227 | D:7      | Reached skill level 9 in Axes
  8261 | D:7      | Noticed Pikel
  8274 | D:7      | Killed Pikel
  8274 | D:7      | Reached * piety under Okawaru
  8275 | D:7      | Reached skill level 6 in Shields
  8413 | D:8      | 8413 ||| Stepping ~*~*~tactically~*~*~ (hiding).
  8427 | D:8      | Reached skill level 1 in Invocations
  8572 | D:8      | Reached skill level 3 in Invocations
  8640 | D:8      | Noticed a two-headed ogre
  8641 | D:8      | 8641 ||| Stepping ~*~*~tactically~*~*~ (hiding).
  8642 | D:8      | 8642 ||| INVOKING Heroism.
  8646 | D:8      | Killed a two-headed ogre
  8647 | D:8      | Reached skill level 7 in Fighting
  8647 | D:8      | Reached XP level 10. HP: 64/64 MP: 9/13
  8658 | D:8      | Reached ** piety under Okawaru
  8711 | D:8      | Found a sparkling altar of Nemelex Xobeh.
  8736 | D:8      | Found a snail-covered altar of Cheibriados.
  8864 | D:8      | 8864 ||| Stepping ~*~*~tactically~*~*~ (hiding).
  8867 | D:8      | Reached skill level 1 in Throwing
  8932 | D:8      | Noticed Prince Ribbit
  8946 | D:8      | Killed Prince Ribbit
  9202 | D:8      | Found an ornate altar of the Wu Jian Council.
  9286 | D:8      | 9286 ||| READING scroll labelled INUWEI LEHARUSU.
  9287 | D:8      | 9287 ||| READING scroll labelled APHUTRAMIT.
  9359 | D:9      | 9359 ||| Stepping ~*~*~tactically~*~*~ (hiding).
  9547 | D:9      | 9547 ||| Stepping ~*~*~tactically~*~*~ (stealth).
  9552 | D:9      | 9552 ||| Stepping ~*~*~tactically~*~*~ (stealth).
  9578 | D:9      | Reached skill level 8 in Fighting
  9605 | D:9      | 9605 ||| Stepping ~*~*~tactically~*~*~ (stealth).
  9610 | D:9      | 9610 ||| INVOKING Heroism.
  9617 | D:9      | Identified the +3 leather armour of the Aged Heavens {rF+
                  | rCorr MP+9}
  9621 | D:9      | 9621 ||| Stepping ~*~*~tactically~*~*~ (hiding).
  9769 | D:9      | 9769 ||| Stepping ~*~*~tactically~*~*~ (stealth).
  9773 | D:9      | 9773 ||| INVOKING Heroism.
 10157 | D:9      | 10157 ||| READING 2 scrolls labelled JOGOMP ORGHUOS.
 10158 | D:9      | 10158 ||| DROPPING scroll of blinking.
 10191 | D:10     | Entered Level 10 of the Dungeon
 10228 | D:10     | Reached *** piety under Okawaru
 10235 | D:10     | Found a staircase to the Orcish Mines.
 10238 | D:10     | 10238 ||| Stepping ~*~*~tactically~*~*~ (stealth).
 10355 | D:10     | Noticed a centaur warrior
 10375 | D:10     | Killed a centaur warrior
 10406 | D:10     | 10406 ||| Stepping ~*~*~tactically~*~*~ (hiding).
 10416 | D:10     | Reached **** piety under Okawaru
 10439 | D:10     | Found a staircase to the Lair.
 10450 | D:10     | Reached XP level 11. HP: 63/68 MP: 14/14
 10479 | D:10     | 10479 ||| Stepping ~*~*~tactically~*~*~ (stealth).
 10485 | D:10     | 10485 ||| Stepping ~*~*~tactically~*~*~ (stealth).
 10498 | D:10     | 10498 ||| Stepping ~*~*~tactically~*~*~ (stealth).
 10586 | D:10     | 10586 ||| Stepping ~*~*~tactically~*~*~ (stealth).
 10588 | D:10     | 10588 ||| Stepping ~*~*~tactically~*~*~ (hiding).
 10589 | D:10     | 10589 ||| Stepping ~*~*~tactically~*~*~ (hiding).
 10596 | D:10     | 10596 ||| FLEEEEING.
 10699 | D:10     | 10699 ||| Stepping ~*~*~tactically~*~*~ (stealth).
 10700 | D:10     | 10700 ||| Stepping ~*~*~tactically~*~*~ (stealth).
 10704 | D:10     | 10704 ||| INVOKING Heroism.
 10742 | D:10     | 10742 ||| INVOKING Heroism.
 10769 | D:10     | Received a gift from Okawaru
 10770 | D:10     | Reached skill level 9 in Fighting
 10770 | D:10     | Reached skill level 6 in Invocations
 10803 | D:10     | Found Buhiat's Jewellery Shop.
 10812 | D:10     | 10812 ||| SHOPLISTING ring "Acapat" {rElec rPois rCorr
                  | Int+6 SInv} (768 gold, have 542).
 10812 | D:10     | 10812 ||| BUYING ring "Geanyos" {Int+4 Dex+4 SInv} (465
                  | gold).
 10812 | D:10     | Bought the ring "Geanyos" {Int+4 Dex+4 SInv} for 465 gold
                  | pieces
 10812 | D:10     | 10812 ||| SHOPLISTING ring of Qeahoygi {*Slow rPois rN++
                  | rCorr MP+9} (660 gold, have 77).
 10812 | D:10     | 10812 ||| SHOPLISTING ring of fire (300 gold, have 77).
 11120 | D:10     | 11120 ||| PLANNING LAIR
 11120 | D:10     | 11120 ||| UPGRADING to ring "Geanyos" {Int+4 Dex+4 SInv}.
 11122 | D:10     | 11122 ||| UPGRADING to +4 ring of protection.
 11124 | D:10     | 11124 ||| READING scroll labelled KYLOJE KIDDE.
 11260 | Lair:1   | Entered Level 1 of the Lair of Beasts
 11326 | Lair:1   | 11326 ||| Stepping ~*~*~tactically~*~*~ (stealth).
 11327 | Lair:1   | 11327 ||| INVOKING Heroism.
 11334 | Lair:1   | 11334 ||| Stepping ~*~*~tactically~*~*~ (stealth).
 11386 | Lair:1   | 11386 ||| INVOKING Heroism.
 11509 | Lair:1   | 11509 ||| INVOKING Heroism.
 11548 | Lair:1   | 11548 ||| Stepping ~*~*~tactically~*~*~ (stealth).
 11549 | Lair:1   | 11549 ||| Stepping ~*~*~tactically~*~*~ (stealth).
 11552 | Lair:1   | 11552 ||| Stepping ~*~*~tactically~*~*~ (stealth).
 11554 | Lair:1   | 11554 ||| Stepping ~*~*~tactically~*~*~ (stealth).
 11857 | Lair:1   | 11857 ||| Stepping ~*~*~tactically~*~*~ (stealth).
 11951 | Lair:1   | Reached skill level 3 in Throwing
 12026 | Lair:1   | Reached ***** piety under Okawaru
 12122 | Lair:1   | 12122 ||| INVOKING Heroism.
 12128 | Lair:1   | Reached skill level 12 in Axes
 12237 | Lair:1   | 12237 ||| UPGRADING to +10 plate armour of ponderousness.
 12247 | Lair:1   | 12247 ||| DROPPING +3 scale mail of the Six Cities {rElec
                  | Str+7 Dex-3 Slay+3}.
 12248 | Lair:1   | 12248 ||| READING scroll labelled CET VOADUGISM.
 12280 | Lair:2   | 12280 ||| STAIRDANCE
 12356 | Lair:2   | Reached skill level 6 in Armour
 12359 | Lair:2   | Received a gift from Okawaru
 12393 | Lair:2   | Found a transporter.
 12397 | Lair:2   | Noticed a catoblepas
 12409 | Lair:2   | Identified the +5 ring mail "Xiseuq" {rF- rC+ Int+4}
 12438 | Lair:2   | Reached XP level 12. HP: 75/76 MP: 18/18
 12485 | Lair:2   | Found a staircase to the Snake Pit.
 12502 | Lair:2   | 12502 ||| INVOKING Heroism.
 12520 | Lair:2   | Reached skill level 9 in Invocations
 12599 | Lair:2   | Noticed qw's ghost (journeyman GrFi)
 12607 | Lair:2   | 12607 ||| Stepping ~*~*~tactically~*~*~ (stealth).
 12620 | Lair:2   | 12620 ||| INVOKING Heroism.
 12732 | Lair:2   | Noticed Gastronok
 12733 | Lair:2   | 12733 ||| INVOKING Heroism.
 12751 | Lair:2   | HP: 6/76 [komodo dragon (18)]
 12752 | Lair:2   | 12752 ||| READING 2 scrolls of teleportation.
 12753 | Lair:2   | 12753 ||| DRINKING 4 potions of heal wounds.
 12828 | Lair:2   | 12828 ||| INVOKING Heroism.
 12840 | Lair:2   | Killed Gastronok
 12840 | Lair:2   | Received a gift from Okawaru
 12888 | Lair:2   | 12888 ||| Stepping ~*~*~tactically~*~*~ (stealth).
 12889 | Lair:2   | 12889 ||| INVOKING Heroism.
 12924 | Lair:2   | Found a transporter.
 13013 | Lair:2   | 13013 ||| INVOKING Heroism.
 13104 | Lair:2   | Reached skill level 9 in Armour
 13225 | Lair:2   | 13225 ||| Stepping ~*~*~tactically~*~*~ (stealth).
 13226 | Lair:2   | 13226 ||| Stepping ~*~*~tactically~*~*~ (stealth).
 13407 | Lair:2   | 13407 ||| UPGRADING to +1 hat.
 13412 | Lair:2   | 13412 ||| DROPPING amulet of the acrobat.
 13488 | Lair:3   | Found a staircase to the Shoals.
 13546 | Lair:3   | Reached skill level 10 in Fighting
 13576 | Lair:3   | 13576 ||| INVOKING Heroism.
 13693 | Lair:3   | Received a gift from Okawaru
 13979 | Lair:3   | 13979 ||| INVOKING Heroism.
 14006 | Lair:3   | Reached XP level 13. HP: 80/82 MP: 20/20
 14149 | Lair:3   | 14149 ||| READING scroll of enchant armour.
 14149 | Lair:3   | 14149 ||| ENCHANTING +1 hat.
 14191 | Lair:3   | 14191 ||| INVOKING Heroism.
 14204 | Lair:3   | Reached skill level 3 in Dodging
 14287 | Lair:3   | 14287 ||| Stepping ~*~*~tactically~*~*~ (stealth).
 14288 | Lair:3   | 14288 ||| Stepping ~*~*~tactically~*~*~ (stealth).
 14290 | Lair:3   | 14290 ||| INVOKING Heroism.
 14297 | Lair:3   | 14297 ||| Stepping ~*~*~tactically~*~*~ (stealth).
 14326 | Lair:3   | 14326 ||| INVOKING Heroism.
 14398 | Lair:3   | 14398 ||| Stepping ~*~*~tactically~*~*~ (hiding).
 14399 | Lair:3   | 14399 ||| Stepping ~*~*~tactically~*~*~ (hiding).
 14401 | Lair:3   | 14401 ||| INVOKING Heroism.
 14429 | Lair:3   | Received a gift from Okawaru
 14460 | Lair:3   | 14460 ||| Stepping ~*~*~tactically~*~*~ (stealth).
 14571 | Lair:3   | 14571 ||| Stepping ~*~*~tactically~*~*~ (stealth).
 14601 | Lair:3   | 14601 ||| INVOKING Heroism.
 14741 | Lair:4   | 14741 ||| Stepping ~*~*~tactically~*~*~ (stealth).
 14748 | Lair:4   | Noticed Kirke
 14749 | Lair:4   | 14749 ||| INVOKING Heroism.
 14750 | Lair:4   | 14750 ||| INVOKING Finesse.
 14771 | Lair:4   | 14771 ||| DRINKING potion of cancellation.
 14780 | Lair:4   | Killed Kirke
 15020 | Lair:4   | 15020 ||| INVOKING Heroism.
 15021 | Lair:4   | 15021 ||| INVOKING Finesse.
 15262 | Lair:4   | Noticed Sonja
 15263 | Lair:4   | 15263 ||| INVOKING Finesse.
 15275 | Lair:4   | Killed Sonja
 15346 | Lair:4   | 15346 ||| FLEEEEING.
 15347 | Lair:4   | 15347 ||| INVOKING Heroism.
 15347 | Lair:4   | Noticed Snorg
 15348 | Lair:4   | 15348 ||| INVOKING Finesse.
 15382 | Lair:4   | Killed Snorg
 15487 | Lair:4   | 15487 ||| INVOKING Heroism.
 15490 | Lair:4   | 15490 ||| INVOKING Finesse.
 15494 | Lair:4   | Reached skill level 11 in Fighting
 15599 | Lair:4   | 15599 ||| INVOKING Heroism.
 15602 | Lair:4   | 15602 ||| SWAPPING to +7 flail "Gefotuwk" {drain, rC- rN+
                  | Will+}.
 15607 | Lair:4   | 15607 ||| SWAPPING to +0 vampiric war axe.
 15732 | Lair:4   | 15732 ||| INVOKING Heroism.
 15755 | Lair:4   | 15755 ||| Stepping ~*~*~tactically~*~*~ (stealth).
 16042 | Lair:5   | Entered Level 5 of the Lair of Beasts
 16049 | Lair:5   | Received a gift from Okawaru
 16109 | Lair:5   | 16109 ||| INVOKING Heroism.
 16159 | Lair:5   | Gained mutation: Your large and strong wings let you fly.
                  | [Gargoyle growth]
 16159 | Lair:5   | Reached XP level 14. HP: 90/90 MP: 21/21
 16171 | Lair:5   | 16171 ||| Stepping ~*~*~tactically~*~*~ (stealth).
 16206 | Lair:5   | 16206 ||| Stepping ~*~*~tactically~*~*~ (stealth).
 16282 | Lair:5   | Found a staircase to the Slime Pits.
 16292 | Lair:5   | 16292 ||| INVOKING Heroism.
 16345 | Lair:5   | Reached skill level 15 in Axes
 16551 | Lair:5   | 16551 ||| Stepping ~*~*~tactically~*~*~ (stealth).
 16588 | Lair:5   | 16588 ||| Stepping ~*~*~tactically~*~*~ (cloud).
 16589 | Lair:5   | 16589 ||| INVOKING Heroism.
 16590 | Lair:5   | Found a large runed translucent door.
 16594 | Lair:5   | 16594 ||| Stepping ~*~*~tactically~*~*~ (cloud).
 16594 | Lair:5   | Found a large runed translucent door.
 16788 | Lair:5   | 16788 ||| Stepping ~*~*~tactically~*~*~ (stealth).
 16790 | Lair:5   | 16790 ||| Stepping ~*~*~tactically~*~*~ (stealth).
 16857 | Lair:5   | 16857 ||| INVOKING Heroism.
 17088 | Lair:5   | Reached skill level 12 in Fighting
 17479 | Lair:5   | 17479 ||| PLANNING D:1-11
 17685 | D:11     | 17685 ||| STAIRDANCE
 17762 | D:11     | 17762 ||| INVOKING Heroism.
 17766 | D:11     | 17766 ||| Stepping ~*~*~tactically~*~*~ (stealth).
 17773 | D:11     | Received a gift from Okawaru
 17992 | D:11     | 17992 ||| INVOKING Heroism.
 18019 | D:11     | Identified the +5 hand axe of Vecem {elec, rElec rF- rN+
                  | Will++} (Okawaru gifted it to you on level 11 of the
                  | Dungeon)
 18019 | D:11     | Received a gift from Okawaru
 18060 | D:11     | 18060 ||| DROPPING +0 flail of venom.
 18180 | D:11     | 18180 ||| Stepping ~*~*~tactically~*~*~ (hiding).
 18357 | D:11     | 18357 ||| Stepping ~*~*~tactically~*~*~ (hiding).
 18520 | D:11     | 18520 ||| READING 3 scrolls of enchant weapon.
 18520 | D:11     | 18520 ||| ENCHANTING +0 vampiric war axe.
 18521 | D:11     | 18521 ||| READING 2 scrolls of enchant weapon.
 18521 | D:11     | 18521 ||| ENCHANTING +1 vampiric war axe.
 18522 | D:11     | 18522 ||| READING scroll of enchant weapon.
 18522 | D:11     | 18522 ||| ENCHANTING +2 vampiric war axe.
 18666 | D:11     | 18666 ||| PLANNING LAIR
 18867 | Lair:5   | 18867 ||| Stepping randomly (stuck).
 18868 | Lair:5   | 18868 ||| PLANNING D
 19409 | D:12     | 19409 ||| INVOKING Heroism.
 19410 | D:12     | 19410 ||| READING scroll of teleportation.
 19571 | D:12     | Identified the amulet "Xoikergha" {Acrobat rPois}
 19764 | D:12     | 19764 ||| INVOKING Heroism.
 19934 | D:12     | 19934 ||| DROPPING amulet "Xoikergha" {Acrobat rPois}.
 19959 | D:13     | 19959 ||| Stepping ~*~*~tactically~*~*~ (stealth).
 19960 | D:13     | 19960 ||| Stepping ~*~*~tactically~*~*~ (stealth).
 19961 | D:13     | 19961 ||| Stepping ~*~*~tactically~*~*~ (stealth).
 19979 | D:13     | Found Zuffibul's Serpentskin Sales.
 19992 | D:13     | Found the +8 longbow "Zephyr" {speed, Dex+3 SInv}
 20009 | D:13     | Noticed Urug
 20010 | D:13     | 20010 ||| Stepping ~*~*~tactically~*~*~ (hiding).
 20013 | D:13     | 20013 ||| Stepping ~*~*~tactically~*~*~ (stealth).
 20015 | D:13     | 20015 ||| INVOKING Heroism.
 20016 | D:13     | 20016 ||| INVOKING Finesse.
 20028 | D:13     | Killed Urug
 20054 | D:13     | 20054 ||| INVOKING Heroism.
 20307 | D:13     | 20307 ||| DROPPING +1 war axe of freezing.
 20399 | D:13     | Noticed Jorgrun
 20400 | D:13     | 20400 ||| INVOKING Heroism.
 20422 | D:13     | Killed Jorgrun
 20490 | D:13     | Noticed Nessos
 20491 | D:13     | 20491 ||| Stepping ~*~*~tactically~*~*~ (hiding).
 20495 | D:13     | Killed Nessos
 20820 | D:14     | Reached XP level 15. HP: 96/96 MP: 22/22
 20928 | D:14     | 20928 ||| Stepping ~*~*~tactically~*~*~ (hiding).
 21181 | D:14     | 21181 ||| INVOKING Heroism.
 21391 | D:14     | 21391 ||| Stepping ~*~*~tactically~*~*~ (hiding).
 21489 | D:14     | 21489 ||| Stepping ~*~*~tactically~*~*~ (hiding).
 21501 | D:14     | Reached skill level 12 in Armour
 21640 | D:14     | 21640 ||| Stepping ~*~*~tactically~*~*~ (hiding).
 21641 | D:14     | 21641 ||| Stepping ~*~*~tactically~*~*~ (hiding).
 21681 | D:14     | 21681 ||| INVOKING Heroism.
 21740 | D:14     | Identified the +1 robe "Fojeocsoell" {rCorr Dex+4} (Okawaru
                  | gifted it to you on level 14 of the Dungeon)
 21740 | D:14     | Received a gift from Okawaru
 21742 | D:14     | 21742 ||| INVOKING Heroism.
 21798 | D:14     | 21798 ||| INVOKING Heroism.
 21825 | D:14     | Found a gate to the Vaults.
 22005 | D:14     | 22005 ||| READING 8 scrolls of identify.
 22005 | D:14     | 22005 ||| IDENTIFYING metallic blue potion
 22027 | D:15     | Entered Level 15 of the Dungeon
 22028 | D:15     | Found a runed translucent gate.
 22028 | D:15     | Found a runed translucent gate.
 22141 | D:15     | Noticed Gosau's ghost (journeyman DsGl)
 22142 | D:15     | Found a runed translucent gate.
 22144 | D:15     | Found a viscous altar of Jiyva.
 22144 | D:15     | Noticed a rockslime
 22144 | D:15     | Noticed a rockslime
 22180 | D:15     | 22180 ||| Stepping ~*~*~tactically~*~*~ (hiding).
 22184 | D:15     | 22184 ||| INVOKING Heroism.
 22228 | D:15     | 22228 ||| Stepping ~*~*~tactically~*~*~ (stealth).
 22229 | D:15     | 22229 ||| Stepping ~*~*~tactically~*~*~ (stealth).
 22248 | D:15     | Reached skill level 13 in Fighting
 22327 | D:15     | Found a staircase to the Depths.
 22421 | D:15     | 22421 ||| Stepping ~*~*~tactically~*~*~ (hiding).
 22423 | D:15     | 22423 ||| Stepping ~*~*~tactically~*~*~ (hiding).
 22424 | D:15     | 22424 ||| Stepping ~*~*~tactically~*~*~ (hiding).
 22432 | D:15     | 22432 ||| Stepping ~*~*~tactically~*~*~ (hiding).
 22433 | D:15     | 22433 ||| Stepping ~*~*~tactically~*~*~ (hiding).
 22476 | D:15     | 22476 ||| Stepping ~*~*~tactically~*~*~ (stealth).
 22477 | D:15     | 22477 ||| Stepping ~*~*~tactically~*~*~ (stealth).
 22493 | D:15     | 22493 ||| Stepping ~*~*~tactically~*~*~ (stealth).
 22496 | D:15     | 22496 ||| Stepping ~*~*~tactically~*~*~ (stealth).
 22502 | D:15     | 22502 ||| Stepping ~*~*~tactically~*~*~ (hiding).
 22511 | D:15     | 22511 ||| INVOKING Heroism.
 22712 | D:15     | 22712 ||| Stepping ~*~*~tactically~*~*~ (hiding).
 22870 | D:15     | 22870 ||| Stepping ~*~*~tactically~*~*~ (hiding).
 22871 | D:15     | 22871 ||| Stepping ~*~*~tactically~*~*~ (hiding).
 22872 | D:15     | 22872 ||| Stepping ~*~*~tactically~*~*~ (hiding).
 22873 | D:15     | 22873 ||| Stepping ~*~*~tactically~*~*~ (hiding).
 22911 | D:15     | Reached skill level 6 in Throwing
 23091 | D:15     | 23091 ||| DROPPING +6 ring of intelligence.
 23092 | D:15     | 23092 ||| PLANNING ORC
 23207 | Orc:1    | Entered Level 1 of the Orcish Mines
 23242 | Orc:1    | 23242 ||| INVOKING Heroism.
 23499 | Orc:2    | Entered Level 2 of the Orcish Mines
 23500 | Orc:2    | 23500 ||| PLANNING GAUNTLET
 23512 | Orc:2    | 23512 ||| INVOKING Heroism.
 23515 | Orc:2    | 23515 ||| STAIRDANCE
 23517 | Orc:1    | 23517 ||| DRINKING 10 potions of curing.
 23517 | Orc:1    | 23517 ||| (to cure confusion)
 23533 | Orc:2    | 23533 ||| STAIRDANCE
 23539 | Orc:1    | Reached skill level 9 in Shields
 23607 | Orc:2    | Found Gaoplat's Book Boutique.
 23620 | Orc:2    | 23620 ||| INVOKING Heroism.
 23650 | Orc:2    | 23650 ||| Stepping ~*~*~tactically~*~*~ (stealth).
 23653 | Orc:2    | 23653 ||| Stepping ~*~*~tactically~*~*~ (stealth).
 23654 | Orc:2    | 23654 ||| Stepping ~*~*~tactically~*~*~ (stealth).
 23655 | Orc:2    | 23655 ||| Stepping ~*~*~tactically~*~*~ (stealth).
 23656 | Orc:2    | 23656 ||| Stepping ~*~*~tactically~*~*~ (stealth).
 23684 | Orc:2    | 23684 ||| INVOKING Heroism.
 23710 | Orc:2    | 23710 ||| Stepping ~*~*~tactically~*~*~ (hiding).
 23711 | Orc:2    | 23711 ||| Stepping ~*~*~tactically~*~*~ (hiding).
 23714 | Orc:2    | 23714 ||| Stepping ~*~*~tactically~*~*~ (hiding).
 23735 | Orc:2    | Received a gift from Okawaru
 23797 | Orc:2    | 23797 ||| Stepping ~*~*~tactically~*~*~ (stealth).
 23799 | Orc:2    | 23799 ||| Stepping ~*~*~tactically~*~*~ (hiding).
 23803 | Orc:2    | 23803 ||| Stepping ~*~*~tactically~*~*~ (hiding).
 23875 | Orc:2    | Found Virr's Antique Weapon Shoppe.
 23886 | Orc:2    | Found a staircase to the Elven Halls.
 23889 | Orc:2    | 23889 ||| Stepping ~*~*~tactically~*~*~ (stealth).
 23890 | Orc:2    | 23890 ||| Stepping ~*~*~tactically~*~*~ (stealth).
 23965 | Orc:2    | Found Muics's General Store.
 23973 | Orc:2    | Found a gate leading to a gauntlet.
 23974 | Orc:2    | 23974 ||| BUYING +1 pair of gloves of strength (264 gold).
 23974 | Orc:2    | Bought a +1 pair of gloves of strength for 264 gold pieces
 23974 | Orc:2    | 23974 ||| BUYING ring of protection from cold (400 gold).
 23974 | Orc:2    | Bought a ring of protection from cold for 400 gold pieces
 23974 | Orc:2    | 23974 ||| UPGRADING to +1 pair of gloves of strength.
 23984 | Orc:2    | 23984 ||| DROPPING +2 pair of gloves.
 23993 | Gauntlet | Entered a Gauntlet
 23993 | Gauntlet | Found a transporter.
 24007 | Gauntlet | Found a transporter.
 24017 | Gauntlet | Found a transporter.
 24022 | Gauntlet | Found a transporter.
 24039 | Gauntlet | Found a transporter.
 24057 | Gauntlet | Found a transporter.
 24069 | Gauntlet | Found a transporter.
 24081 | Gauntlet | Found a transporter.
 24087 | Gauntlet | Found a transporter.
 24087 | Gauntlet | Found a transporter.
 24102 | Gauntlet | Found a large runed translucent door.
 24103 | Gauntlet | Found a large runed translucent door.
 24104 | Gauntlet | Found a large runed translucent door.
 24104 | Gauntlet | Found a large runed translucent door.
 24105 | Gauntlet | Found a runed translucent gate.
 24106 | Gauntlet | Found a transporter.
 24106 | Gauntlet | Found a runed translucent gate.
 24107 | Gauntlet | Found a runed translucent gate.
 24108 | Gauntlet | Found a large runed translucent door.
 24108 | Gauntlet | Found a large runed translucent door.
 24109 | Gauntlet | Found a large runed translucent door.
 24110 | Gauntlet | Found a large runed translucent door.
 24118 | Gauntlet | Found a transporter.
 24135 | Gauntlet | Found a transporter.
 24148 | Gauntlet | Found a large runed translucent door.
 24149 | Gauntlet | Found a large runed translucent door.
 24150 | Gauntlet | Found a large runed translucent door.
 24150 | Gauntlet | Found a large runed translucent door.
 24151 | Gauntlet | Found a runed translucent door.
 24152 | Gauntlet | Found a transporter.
 24153 | Gauntlet | Found a runed translucent door.
 24154 | Gauntlet | Found a large runed translucent door.
 24154 | Gauntlet | Found a transporter.
 24154 | Gauntlet | Found a large runed translucent door.
 24155 | Gauntlet | Found a large runed translucent door.
 24181 | Gauntlet | Found a transporter.
 24201 | Gauntlet | Found a transporter.
 24313 | Gauntlet | Found a large runed translucent door.
 24402 | Gauntlet | Found a transporter.
 24433 | Gauntlet | Identified the amulet of Adibympe {rPois Regen+}
 24442 | Gauntlet | 24442 ||| DROPPING amulet of Adibympe {rPois Regen+}.
 24517 | Gauntlet | 24517 ||| INVOKING Heroism.
 24659 | Gauntlet | Identified the amulet "Gaarun" {RegenMP rPois Int+2}
 24667 | Gauntlet | 24667 ||| DROPPING amulet "Gaarun" {RegenMP rPois Int+2}.
 24685 | Gauntlet | 24685 ||| INVOKING Heroism.
 24778 | Gauntlet | 24778 ||| DROPPING +7 flail "Gefotuwk" {drain, rC- rN+
                  | Will+}.
 24779 | Gauntlet | 24779 ||| DROPPING +2 antimagic flail.
 24780 | Gauntlet | 24780 ||| DROPPING +4 flail.
 24801 | Orc:2    | 24801 ||| PLANNING ORC
 24825 | Orc:2    | 24825 ||| INVOKING Heroism.
 24871 | Orc:1    | 24871 ||| Stepping randomly (stuck).
 24922 | Orc:2    | Found Ujiasefe's Antique Armour Emporium.
 24932 | Orc:2    | 24932 ||| BUYING pair of embroidered boots (210 gold).
 24932 | Orc:2    | Bought a pair of embroidered boots for 210 gold pieces
 25002 | Orc:2    | 25002 ||| UPGRADING to +2 pair of boots.
 25012 | Orc:2    | 25012 ||| DROPPING +0 pair of boots.
 25016 | Orc:1    | Found Qesaenka's Armour Shop.
 25021 | Orc:1    | 25021 ||| SHOPLISTING +2 helmet of Ufae {Harm rElec MP+9
                  | Int+3} (912 gold, have 794).
 25120 | Orc:1    | Found Tonepn's Gadget Gallery.
 25128 | Orc:1    | 25128 ||| BUYING wand of digging (4) (235 gold).
 25128 | Orc:1    | Bought a wand of digging (4) for 235 gold pieces
 25153 | Orc:2    | 25153 ||| PLANNING SHOALS:1-3
 25300 | Shoals:1 | Entered Level 1 of the Shoals
 25411 | Shoals:1 | 25411 ||| INVOKING Heroism.
 25419 | Shoals:1 | Received a gift from Okawaru
 25485 | Shoals:1 | Reached XP level 16. HP: 105/105 MP: 23/23
 25653 | Shoals:1 | Reached skill level 14 in Fighting
 25711 | Shoals:1 | 25711 ||| INVOKING Heroism.
 25735 | Shoals:1 | Received a gift from Okawaru
 25834 | Shoals:1 | 25834 ||| Stepping ~*~*~tactically~*~*~ (hiding).
 25880 | Shoals:1 | Received a gift from Okawaru
 26113 | Shoals:1 | 26113 ||| INVOKING Heroism.
 26373 | Shoals:2 | Found Poptuovve's Practical Paraphernalia.
 26395 | Shoals:2 | 26395 ||| BUYING ring of protection from cold (350 gold).
 26395 | Shoals:2 | Bought a ring of protection from cold for 350 gold pieces
 26514 | Shoals:2 | Received a gift from Okawaru
 26826 | Shoals:2 | Received a gift from Okawaru
 26827 | Shoals:2 | Reached skill level 15 in Fighting
 26947 | Shoals:2 | 26947 ||| INVOKING Heroism.
 26948 | Shoals:2 | 26948 ||| INVOKING Finesse.
 27271 | Shoals:2 | 27271 ||| DROPPING +2 pair of boots.
 27272 | Shoals:2 | 27272 ||| DROPPING ring of ice.
 27489 | Shoals:3 | 27489 ||| INVOKING Heroism.
 27742 | Shoals:3 | 27742 ||| INVOKING Heroism.
 27859 | Shoals:3 | 27859 ||| Stepping ~*~*~tactically~*~*~ (hiding).
 27860 | Shoals:3 | 27860 ||| INVOKING Heroism.
 28096 | Shoals:3 | 28096 ||| INVOKING Heroism.
 28379 | Shoals:3 | 28379 ||| INVOKING Heroism.
 28416 | Shoals:3 | Noticed a kraken
 28428 | Shoals:3 | Killed a kraken
 28441 | Shoals:3 | 28441 ||| PLANNING SNAKE:1-3
 28461 | Shoals:3 | 28461 ||| PLANNING SHOALS:1-3
 28462 | Shoals:3 | 28462 ||| PLANNING SNAKE:1-3
 28475 | Shoals:3 | 28475 ||| PLANNING SHOALS:1-3
 28476 | Shoals:3 | 28476 ||| PLANNING SNAKE:1-3
 28497 | Shoals:3 | 28497 ||| PLANNING SHOALS:1-3
 28498 | Shoals:3 | 28498 ||| PLANNING SNAKE:1-3
 28522 | Shoals:3 | 28522 ||| PLANNING SHOALS:1-3
 28523 | Shoals:3 | 28523 ||| PLANNING SNAKE:1-3
 28531 | Shoals:3 | 28531 ||| PLANNING SHOALS:1-3
 28532 | Shoals:3 | 28532 ||| PLANNING SNAKE:1-3
 28559 | Shoals:3 | 28559 ||| PLANNING SHOALS:1-3
 28559 | Shoals:3 | 28559 ||| Stepping randomly (stuck).
 28560 | Shoals:3 | 28560 ||| PLANNING SNAKE:1-3
 28701 | Snake:1  | Entered Level 1 of the Snake Pit
 28706 | Snake:1  | 28706 ||| Stepping ~*~*~tactically~*~*~ (hiding).
 28749 | Snake:1  | 28749 ||| Stepping ~*~*~tactically~*~*~ (hiding).
 28754 | Snake:1  | 28754 ||| Stepping ~*~*~tactically~*~*~ (hiding).
 28772 | Snake:1  | Received a gift from Okawaru
 28792 | Snake:1  | 28792 ||| Stepping ~*~*~tactically~*~*~ (stealth).
 28808 | Snake:1  | 28808 ||| Stepping ~*~*~tactically~*~*~ (stealth).
 28810 | Snake:1  | 28810 ||| Stepping ~*~*~tactically~*~*~ (hiding).
 28825 | Snake:1  | 28825 ||| Stepping ~*~*~tactically~*~*~ (hiding).
 28860 | Snake:1  | 28860 ||| READING scroll of enchant armour.
 28860 | Snake:1  | 28860 ||| ENCHANTING +1 pair of gloves of strength.
 28975 | Snake:1  | 28975 ||| INVOKING Heroism.
 29046 | Snake:1  | 29046 ||| READING 2 scrolls of enchant weapon.
 29046 | Snake:1  | 29046 ||| ENCHANTING +3 vampiric war axe.
 29047 | Snake:1  | 29047 ||| READING scroll of enchant weapon.
 29047 | Snake:1  | 29047 ||| ENCHANTING +4 vampiric war axe.
 29073 | Snake:1  | Identified a scroll of acquirement
 29074 | Snake:1  | 29074 ||| Stepping ~*~*~tactically~*~*~ (hiding).
 29136 | Snake:1  | 29136 ||| READING scroll of acquirement.
 29136 | Snake:1  | 29136 ||| ACQUIRING 1121 gold pieces
 29136 | Snake:1  | Acquired 1121 gold pieces
 29156 | Snake:1  | Noticed Frances
 29157 | Snake:1  | 29157 ||| Stepping ~*~*~tactically~*~*~ (hiding).
 29163 | Snake:1  | 29163 ||| INVOKING Heroism.
 29164 | Snake:1  | 29164 ||| INVOKING Finesse.
 29184 | Snake:1  | Killed Frances
 29254 | Snake:1  | Reached XP level 17. HP: 115/115 MP: 24/24
 29319 | Snake:1  | 29319 ||| Stepping ~*~*~tactically~*~*~ (stealth).
 29381 | Snake:1  | Received a gift from Okawaru
 29382 | Snake:1  | Reached skill level 16 in Fighting
 29610 | Snake:1  | You are sucked into a shaft and drop 1 floor!
 29611 | Snake:2  | Noticed Asterion
 29612 | Snake:2  | 29612 ||| INVOKING Heroism.
 29628 | Snake:2  | Killed Asterion
 29772 | Snake:2  | 29772 ||| UPGRADING to +0 kite shield.
 29775 | Snake:2  | 29775 ||| UPGRADING to +0 kite shield.
 29809 | Snake:2  | 29809 ||| UPGRADING to +2 buckler.
 29814 | Snake:2  | 29814 ||| UPGRADING to +0 kite shield.
 29824 | Snake:2  | 29824 ||| DROPPING +2 buckler.
 29829 | Snake:2  | 29829 ||| Stepping ~*~*~tactically~*~*~ (hiding).
 29831 | Snake:2  | 29831 ||| Stepping ~*~*~tactically~*~*~ (hiding).
 29837 | Snake:2  | 29837 ||| INVOKING Heroism.
 30135 | Snake:2  | Received a gift from Okawaru
 30178 | Snake:2  | 30178 ||| READING scroll of acquirement.
 30178 | Snake:2  | 30178 ||| ACQUIRING 258 gold pieces
 30178 | Snake:2  | Acquired 258 gold pieces
 30186 | Snake:2  | 30186 ||| READING scroll of enchant armour.
 30186 | Snake:2  | 30186 ||| ENCHANTING +0 cloak.
 30254 | Snake:2  | 30254 ||| READING scroll of enchant weapon.
 30254 | Snake:2  | 30254 ||| ENCHANTING +5 vampiric war axe.
 30525 | Snake:2  | 30525 ||| Stepping ~*~*~tactically~*~*~ (hiding).
 30526 | Snake:2  | 30526 ||| INVOKING Heroism.
 30562 | Snake:2  | 30562 ||| Stepping ~*~*~tactically~*~*~ (hiding).
 30877 | Snake:2  | 30877 ||| Stepping ~*~*~tactically~*~*~ (hiding).
 30976 | Snake:2  | 30976 ||| UPGRADING to +0 kite shield of protection.
 30986 | Snake:2  | 30986 ||| DROPPING +0 kite shield.
 30987 | Snake:2  | 30987 ||| DROPPING +6 ring of dexterity.
 30988 | Snake:2  | 30988 ||| UPGRADING to +5 ring of evasion.
 31046 | Snake:3  | 31046 ||| Stepping ~*~*~tactically~*~*~ (hiding).
 31047 | Snake:3  | 31047 ||| Stepping ~*~*~tactically~*~*~ (hiding).
 31048 | Snake:3  | 31048 ||| Stepping ~*~*~tactically~*~*~ (hiding).
 31049 | Snake:3  | 31049 ||| Stepping ~*~*~tactically~*~*~ (hiding).
 31081 | Snake:3  | Reached skill level 12 in Shields
 31233 | Snake:3  | 31233 ||| READING scroll of enchant armour.
 31233 | Snake:3  | 31233 ||| ENCHANTING +1 cloak.
 31381 | Snake:3  | 31381 ||| Stepping ~*~*~tactically~*~*~ (hiding).
 31401 | Snake:3  | Received a gift from Okawaru
 31473 | Snake:3  | 31473 ||| Stepping ~*~*~tactically~*~*~ (hiding).
 31631 | Snake:3  | 31631 ||| Stepping ~*~*~tactically~*~*~ (hiding).
 31798 | Snake:3  | 31798 ||| INVOKING Heroism.
 31816 | Snake:3  | Identified the +1 robe "Rownim" {rElec Int+5}
 31847 | Snake:3  | Found a stormy altar of Qazlal.
 31878 | Snake:3  | 31878 ||| Stepping ~*~*~tactically~*~*~ (hiding).
 32312 | Snake:3  | 32312 ||| PLANNING SHOALS:4
 32312 | Snake:3  | 32312 ||| DROPPING +2 kite shield.
 32500 | Shoals:4 | Entered Level 4 of the Shoals
 32500 | Shoals:4 | Noticed Ilsuiw
 32501 | Shoals:4 | 32501 ||| INVOKING Heroism.
 32557 | Shoals:4 | Killed Ilsuiw
 32573 | Shoals:4 | 32573 ||| FLEEEEING.
 32574 | Shoals:4 | 32574 ||| FLEEEEING.
 32575 | Shoals:4 | 32575 ||| FLEEEEING.
 32576 | Shoals:4 | 32576 ||| FLEEEEING.
 32590 | Shoals:4 | 32590 ||| FLEEEEING.
 32591 | Shoals:4 | 32591 ||| STAIRDANCE
 32662 | Shoals:4 | 32662 ||| INVOKING Heroism.
 32804 | Shoals:4 | 32804 ||| INVOKING Heroism.
 32839 | Shoals:4 | Identified the ring "Joleiz" {Str+3 Int+6}
 32848 | Shoals:4 | 32848 ||| Stepping ~*~*~tactically~*~*~ (stealth).
 32849 | Shoals:4 | 32849 ||| INVOKING Heroism.
 32955 | Shoals:4 | 32955 ||| INVOKING Heroism.
 33047 | Shoals:4 | 33047 ||| Stepping ~*~*~tactically~*~*~ (hiding).
 33049 | Shoals:4 | 33049 ||| INVOKING Heroism.
 33147 | Shoals:4 | 33147 ||| INVOKING Heroism.
 33183 | Shoals:4 | 33183 ||| INVOKING Heroism.
 33210 | Shoals:4 | Received a gift from Okawaru
 33215 | Shoals:4 | Reached skill level 15 in Shields
 33230 | Shoals:4 | Got a barnacled rune of Zot
 33398 | Shoals:4 | Reached skill level 9 in Throwing
 33440 | Shoals:4 | Reached XP level 18. HP: 120/120 MP: 25/25
 33460 | Shoals:4 | 33460 ||| DROPPING +0 spectral demon whip.
 33461 | Shoals:4 | 33461 ||| DROPPING +1 flail of holy wrath.
 33462 | Shoals:4 | 33462 ||| DROPPING +0 morningstar.
 33653 | Shoals:4 | 33653 ||| INVOKING Heroism.
 33663 | Shoals:4 | Received a gift from Okawaru
 33765 | Shoals:4 | 33765 ||| INVOKING Heroism.
 33782 | Shoals:4 | Reached skill level 15 in Armour
 33789 | Shoals:4 | 33789 ||| DROPPING ring "Joleiz" {Str+3 Int+6}.
 33790 | Shoals:4 | 33790 ||| PLANNING VAULTS:1-4
 33790 | Shoals:4 | 33790 ||| DROPPING ring of see invisible.
 33791 | Shoals:4 | 33791 ||| DROPPING ring of wizardry.
 34077 | Vaults:1 | Entered Level 1 of the Vaults
 34083 | Vaults:1 | 34083 ||| Stepping ~*~*~tactically~*~*~ (hiding).
 34101 | Vaults:1 | 34101 ||| INVOKING Heroism.
 34133 | Vaults:1 | Received a gift from Okawaru
 34141 | Vaults:1 | Reached skill level 6 in Dodging
 34164 | Vaults:1 | 34164 ||| Stepping ~*~*~tactically~*~*~ (hiding).
 34181 | Vaults:1 | 34181 ||| INVOKING Heroism.
 34197 | Vaults:1 | Received a gift from Okawaru
 34222 | Vaults:1 | Received a gift from Okawaru
 34396 | Vaults:1 | Found Goved Kegra's Jewellery Shoppe.
 34403 | Vaults:1 | 34403 ||| BUYING ring of resist corrosion (240 gold).
 34403 | Vaults:1 | Bought a ring of resist corrosion for 240 gold pieces
 34435 | Vaults:1 | 34435 ||| INVOKING Heroism.
 34443 | Vaults:1 | Reached skill level 17 in Fighting
 34533 | Vaults:1 | Identified the +2 robe of Soph {rPois rCorr Int-2 Dex+3}
 34625 | Vaults:1 | Found Daeh's Antique Weapon Boutique.
 34950 | Vaults:1 | Found Buisa's Armour Shoppe.
 35116 | Vaults:1 | Found Fakkum's General Store.
 35125 | Vaults:1 | 35125 ||| BUYING 2 potions of curing (78 gold).
 35125 | Vaults:1 | Bought 2 potions of curing for 78 gold pieces
 35125 | Vaults:1 | 35125 ||| BUYING potion of curing (39 gold).
 35125 | Vaults:1 | Bought a potion of curing for 39 gold pieces
 35162 | Vaults:2 | 35162 ||| PLANNING WIZLAB
 35171 | Vaults:2 | 35171 ||| FLEEEEING.
 35172 | Vaults:2 | 35172 ||| FLEEEEING.
 35173 | Vaults:2 | 35173 ||| FLEEEEING.
 35174 | Vaults:2 | 35174 ||| STAIRDANCE
 35290 | Vaults:2 | Received a gift from Okawaru
 35326 | Vaults:2 | 35326 ||| STAIRDANCE
 35347 | Vaults:2 | 35347 ||| STAIRDANCE
 35373 | Vaults:2 | 35373 ||| Stepping ~*~*~tactically~*~*~ (stealth).
 35375 | Vaults:2 | 35375 ||| Stepping ~*~*~tactically~*~*~ (hiding).
 35376 | Vaults:2 | 35376 ||| Stepping ~*~*~tactically~*~*~ (hiding).
 35377 | Vaults:2 | 35377 ||| Stepping ~*~*~tactically~*~*~ (hiding).
 35378 | Vaults:2 | 35378 ||| Stepping ~*~*~tactically~*~*~ (hiding).
 35380 | Vaults:2 | 35380 ||| INVOKING Heroism.
 35381 | Vaults:2 | 35381 ||| INVOKING Finesse.
 35428 | Vaults:2 | 35428 ||| Stepping ~*~*~tactically~*~*~ (hiding).
 35442 | Vaults:2 | 35442 ||| INVOKING Heroism.
 35506 | Vaults:2 | 35506 ||| INVOKING Heroism.
 35623 | Vaults:2 | Received a gift from Okawaru
 35628 | Vaults:2 | 35628 ||| FLEEEEING.
 35669 | Vaults:2 | Received a gift from Okawaru
 35675 | Vaults:2 | Reached XP level 19. HP: 115/128 MP: 26/26
 35788 | Vaults:2 | 35788 ||| DROPPING +6 war axe of flaming.
 35830 | Vaults:2 | Found a magical portal.
 35873 | Vaults:2 | 35873 ||| INVOKING Heroism.
 35874 | Vaults:2 | 35874 ||| INVOKING Finesse.
 35874 | Abyss:3  | Cast into level 3 of the Abyss (a wizard)
 35912 | Abyss:3  | Noticed a bone dragon
 35924 | Abyss:3  | Killed a bone dragon
 35951 | Abyss:3  | 35951 ||| Stepping ~*~*~tactically~*~*~ (stealth).
 35953 | Abyss:3  | 35953 ||| Stepping ~*~*~tactically~*~*~ (hiding).
 35995 | Abyss:3  | 35995 ||| Stepping ~*~*~tactically~*~*~ (stealth).
 36045 | Abyss:3  | 36045 ||| Stepping ~*~*~tactically~*~*~ (stealth).
 36046 | Abyss:3  | 36046 ||| Stepping ~*~*~tactically~*~*~ (stealth).
 36047 | Abyss:3  | 36047 ||| Stepping ~*~*~tactically~*~*~ (hiding).
 36058 | Abyss:3  | 36058 ||| Stepping ~*~*~tactically~*~*~ (hiding).
 36065 | Abyss:3  | Paralysed by accursed screaming for 1 turns
 36067 | Abyss:3  | 36067 ||| INVOKING Heroism.
 36080 | Abyss:3  | Noticed a tentacled monstrosity
 36081 | Abyss:3  | 36081 ||| Stepping ~*~*~tactically~*~*~ (stealth).
 36082 | Abyss:3  | 36082 ||| INVOKING Finesse.
 36086 | Abyss:3  | 36086 ||| Stepping ~*~*~tactically~*~*~ (hiding).
 36096 | Abyss:3  | Killed a tentacled monstrosity
 36098 | Abyss:3  | Gained mutation: Your body sometimes deteriorates upon
                  | taking damage. [a neqoxec]
 36132 | Abyss:3  | 36132 ||| INVOKING Heroism.
 36136 | Abyss:3  | 36136 ||| Stepping ~*~*~tactically~*~*~ (stealth).
 36147 | Abyss:3  | 36147 ||| Stepping ~*~*~tactically~*~*~ (stealth).
 36148 | Abyss:3  | 36148 ||| Stepping ~*~*~tactically~*~*~ (stealth).
 36153 | Abyss:3  | 36153 ||| INVOKING Heroism.
 36168 | Abyss:3  | 36168 ||| Stepping ~*~*~tactically~*~*~ (stealth).
 36176 | Abyss:3  | 36176 ||| Stepping ~*~*~tactically~*~*~ (stealth).
 36177 | Abyss:3  | 36177 ||| Stepping ~*~*~tactically~*~*~ (stealth).
 36183 | Abyss:3  | 36183 ||| Stepping ~*~*~tactically~*~*~ (stealth).
 36184 | Abyss:3  | 36184 ||| Stepping ~*~*~tactically~*~*~ (hiding).
 36185 | Abyss:3  | 36185 ||| Stepping ~*~*~tactically~*~*~ (stealth).
 36190 | Abyss:3  | 36190 ||| Stepping ~*~*~tactically~*~*~ (stealth).
 36195 | Abyss:3  | HP: 27/117 [starcursed mass/accursed screaming (5)]
 36196 | Abyss:3  | 36196 ||| READING 5 scrolls of teleportation.
 36198 | Abyss:3  | 36198 ||| DRINKING 5 potions of heal wounds.
 36201 | Abyss:3  | Paralysed by accursed screaming for 1 turns
 36208 | Abyss:3  | 36208 ||| INVOKING Heroism.
 36209 | Abyss:3  | 36209 ||| RIP WIZLAB
 36209 | Abyss:3  | 36209 ||| PLANNING VAULTS:1-4
 36209 | Abyss:3  | HP: 28/117 [starcursed mass/accursed screaming (8)]
 36210 | Vaults:2 | Escaped the Abyss
 36210 | Vaults:2 | 36210 ||| RIP WIZLAB
 36210 | Vaults:2 | HP: 2/117 [red ugly thing[a wizard] (21)]
 36211 | Vaults:2 | Killed from afar by a starcursed mass

Levels and vault maps discovered:
D:1:      sevenhm_arrival_forest_fort_large_2, layout_basic
D:2:      layout_basic, st_stairs_8, minmay_close_crescents, uniq_jessica
D:3:      layout_loops_corners, shapermc_ecumenical_altar_totnotflames,
          small_statue_intersection
D:4:      layout_loops_ring, kennysheep_orc_sif_temple, enter_ossuary_3,
          serial_shops, nicolae_shop_gibbet_a_chance,
          nicolae_shop_sticking_my_neck_out, uniq_crazy_yiuf_cottage
D:5:      layout_loops_corners, mrwooster_statue_mirror
D:6:      layout_rooms, cheibrodos_sewer_entry_bend
D:7:      layout_basic, temple_doors_e, corexii_checkpoint_a,
          minmay_increasing_density, uniq_pikel
D:8:      layout_basic, marbit_many_paths, mainiacjoe_overflow_catch_the_wave,
          uniq_prince_ribbit1
D:9:      layout_basic
D:10:     layout_loops_cross, david_lair_generic, zombieorc2_lemuel,
          serial_shops, nicolae_square_shop, kennysheep_small_circle
D:11:     layout_loops_cross
D:12:     layout_basic, serial_bayou_pond_a, lightli_corner_chamber
D:13:     layout_loops_ring, guppyfry_shop_venom, uniq_urug, uniq_jorgrun,
          uniq_nessos
D:14:     layout_loops_ring, grunt_vaults_entry_fortified, nrook_pool_corridor,
          hangedman_abyss_or_decor_jellyfish_corner
D:15:     grunt_enter_depths_hoard, layout_loops_cross, palyth_stone_intersect,
          gammafunk_ghost_ooze
Temple:   eino_narrow_crystal_temple
Lair:1:   layout_regular_city, serial_forest, infiniplex_forest_clump_medium,
          infiniplex_forest_end_2, infiniplex_forest_straight_3,
          infiniplex_forest_straight_5, infiniplex_forest_zigzag_2,
          infiniplex_forest_end_2, infiniplex_forest_clump_long,
          infiniplex_forest_lined_room_, infiniplex_forest_clump_large,
          st_stairs_7
Lair:2:   layout_chaotic_city, minmay_snake_entry_guardpost_large,
          portal_ice_cave_entry_ice_simulacra, nzn_ghost_randoct,
          beast_lair_carwin_5, uniq_gastronok
Lair:3:   regret_index_combs_of_tragedy, layout_regular_city, shoals_dummy_entry
Lair:4:   nzn_motion_control, layout_cave_pods, lemuel_fruit_fields,
          infiniplex_staircase_pool_2, grunt_megastairs_5, uniq_sonja,
          uniq_snorg, uniq_kirke
Lair:5:   cheibrodos_lair_end_hotspot, layout_regular_city, slime_entry_1
Shoals:1: layout_shoals, nicolae_shoals_water_booths
Shoals:2: layout_shoals, nicolae_alphabet_shops
Shoals:3: layout_shoals
Shoals:4: shoals_end_simple, layout_shoals, shoal_ilsuiw
Snake:1:  layout_gridlike, uniq_frances
Snake:2:  layout_cave_pods, nicolae_snake_single_loop, grunt_megastairs_2,
          serial_bayou_shore_a, nicolae_triple_integral, uniq_asterion
Snake:3:  layout_chambers, basic_altar, serial_bayou_shore_b
Orc:1:    layout_caves, serial_shops, shop, nicolae_shop_gadgets
Orc:2:    grunt_orc_gardens, layout_diamond_mine, grunt_orc_garden,
          grunt_orc_garden, grunt_orc_garden, grunt_orc_garden, special_room,
          gauntlet_entry_generic
Vaults:1: nicolae_vaults_what_the_h, nicolae_vaults_sesquioval_fish,
          ontoclasm_vaults_spin, vaults_room_corners, v_misc_15,
          hangedman_vaults_snaps, vaults_dpeg_cross, nicolae_vaults_house_3,
          nicolae_vaults_mini_display_case, serial_ice_h,
          nicolae_vaults_house_1, v_misc_24, layout_vaults_big_room,
          serial_shops, shop, nicolae_shop_peninsula, shop_fountains,
          nicolae_lakefront_shop
Vaults:2: infiniplex_enter_wizlab_water, v_misc_33, nicolae_vaults_trapezoid_4,
          v_misc_9, nicolae_vaults_mitosis, hangedman_vaults_nails,
          nicolae_vaults_twisting_passages, nicolae_vaults_cornered_office,
          ontoclasm_vaults_shout, serial_ice_b, vaults_dpeg_hooks,
          nicolae_vaults_angled_halls, layout_vaults_ring

Skill      XL: |  1  2  3  4  5  6  7  8  9 10 11 12 13 14 15 16 17 18 |
---------------+-------------------------------------------------------+-----
Axes           | 2 3 4 5 7 8 9 11 12 13 14 16 | 16.0
Dodging        | 1 2 3 4 5 6 |  6.0
Fighting       | 4 5 6 7 8 9 10 11 12 13 15 16 17 | 17.9
Shields        | 6 7 8 9 10 15 16 | 16.0
Invocations    | 4 5 8 10 | 10.0
Armour         | 4 5 6 9 10 11 13 14 16 | 16.0
Throwing       | 1 3 5 7 8 9 10 | 10.0

Action                     |  1- 3 |  4- 6 |  7- 9 | 10-12 | 13-15 | 16-18 | 19-21 || total
---------------------------+-------+-------+-------+-------+-------+-------+-------++-------
  Melee: War axe           |    94 |   159 |   236 |   622 |  1511 |  1659 |   100 ||  4381
         Flail             |       |       |       |       |     4 |       |       ||     4
  Throw: Boomerang         |       |       |       |    67 |    98 |    28 |       ||   193
         Javelin           |       |       |       |    62 |   139 |    73 |    24 ||   298
 Invoke: Heroism           |       |       |     1 |    16 |    36 |    30 |     5 ||    88
         Finesse           |       |       |       |       |     6 |     3 |     2 ||    11
    Use: Scroll            |     3 |    14 |     4 |     6 |     6 |     8 |     1 ||    42
         Potion            |       |     4 |       |     1 |     2 |       |     1 ||     8
   Stab: Distracted        |       |       |       |       |     1 |       |       ||     1
 Armour: Scale mail        |    48 |    40 |    71 |   118 |       |       |       ||   277
         Plate armour      |       |    51 |       |   202 |   771 |   824 |    27 ||  1875
  Dodge: Dodged            |    35 |    46 |    68 |   187 |   429 |   565 |    20 ||  1350
  Block: Buckler           |    16 |    38 |   115 |   390 |   895 |   371 |       ||  1825
         Reflection        |       |       |     4 |     6 |    55 |    85 |     1 ||   151
         Kite shield       |       |       |       |       |       |   824 |    45 ||   869
         Other             |       |       |       |       |       |     1 |       ||     1

Table legend:
 A = Non-vault XP
 B = Vault XP
 C = Vault XP percentage of total XP
 D = Non-vault monster count
 E = Vault monster count
 F = Vault count percentage of total count
                 A         B        C        D         E       F
            +---------+---------+-------+---------+---------+-------
      Total |  221056 |  112532 |  33.7 |     691 |     331 |  32.4
            +---------+---------+-------+---------+---------+-------
        D:1 |      33 |       0 |   0.0 |      17 |       0 |   0.0
        D:2 |      51 |      51 |  50.0 |      21 |       8 |  27.6
        D:3 |      57 |       0 |   0.0 |      21 |       0 |   0.0
        D:4 |     377 |      46 |  10.9 |      11 |       4 |  26.7
        D:5 |     159 |       0 |   0.0 |       6 |       0 |   0.0
        D:6 |     360 |      10 |   2.7 |      18 |       2 |  10.0
        D:7 |     798 |    1289 |  61.8 |      13 |      11 |  45.8
        D:8 |    1481 |     504 |  25.4 |      19 |       2 |   9.5
        D:9 |    1810 |       0 |   0.0 |      19 |       0 |   0.0
       D:10 |    2658 |    1704 |  39.1 |      10 |      42 |  80.8
       D:11 |    5842 |       0 |   0.0 |      16 |       0 |   0.0
       D:12 |    2671 |       0 |   0.0 |       5 |       0 |   0.0
       D:13 |    3887 |    3986 |  50.6 |      13 |       4 |  23.5
       D:14 |    7899 |    5090 |  39.2 |      18 |      10 |  35.7
       D:15 |    5470 |    1729 |  24.0 |       8 |       2 |  20.0
     Lair:1 |    6233 |     147 |   2.3 |      28 |       1 |   3.4
     Lair:2 |    4862 |    4218 |  46.5 |      21 |      16 |  43.2
     Lair:3 |    7546 |    6525 |  46.4 |      24 |      48 |  66.7
     Lair:4 |    4764 |    7940 |  62.5 |      16 |      13 |  44.8
     Lair:5 |    9529 |    6373 |  40.1 |      29 |      28 |  49.1
   Shoals:1 |   14740 |    4324 |  22.7 |      29 |       7 |  19.4
   Shoals:2 |   11140 |       0 |   0.0 |      24 |       0 |   0.0
   Shoals:3 |   17416 |       0 |   0.0 |      33 |       0 |   0.0
   Shoals:4 |   10701 |   26271 |  71.1 |      21 |      42 |  66.7
    Snake:1 |   12486 |    1493 |  10.7 |      27 |       1 |   3.6
    Snake:2 |   14806 |    2624 |  15.1 |      27 |       3 |  10.0
    Snake:3 |   12097 |       0 |   0.0 |      26 |       0 |   0.0
      Orc:1 |    2587 |     915 |  26.1 |      30 |       1 |   3.2
      Orc:2 |    1462 |    7250 |  83.2 |      40 |      11 |  21.6
   Vaults:1 |   18631 |   16038 |  46.3 |      35 |      25 |  41.7
   Vaults:2 |   23071 |    9559 |  29.3 |      33 |      19 |  36.5
    Abyss:3 |   15432 |       0 |   0.0 |      33 |       0 |   0.0
    Ossuary |       0 |     218 | 100.0 |       0 |      16 | 100.0
   Gauntlet |       0 |    4228 | 100.0 |       0 |      15 | 100.0
            +---------+---------+-------+---------+---------+-------
